Map: [ESL] Royal Blood

Players

ShoWTimE

  • Race: Protoss Protoss
  • Spawn Location: 1:00

MaxPax - Winner!

  • Race: Protoss Protoss
  • Spawn Location: 7:00

Event: ESL SC2 Masters 2023 Summer (Regionals)

VOD

Have the link to the VOD?

Description

Time

  • Played on: May 18, 2023, 11:14 a.m.
  • Length: 7:54

All games in this series

Show
View Real Time Build Order
Export as new Build Order

ShoWTimE Protoss 

Build Orders: Blink Stalkers 

Get SALT Encoding   

  12  0:00  Probe  
  13  0:12  Probe  
  14  0:16  Pylon  
  14  0:24  Probe (Chrono Boost)  
  15  0:36  Probe (Chrono Boost), Gateway  
  16  0:44  Probe (Chrono Boost)  
  16  0:45  Assimilator  
  17  0:51  Probe  
  18  0:57  Assimilator  
  18  1:03  Probe (Chrono Boost)  
  19  1:07  Gateway  
  19  1:13  Probe (Chrono Boost)  
  19  1:18  Probe (Chrono Boost)  
  20  1:25  Cybernetics Core  
  21  1:29  Probe  
  22  1:36  Pylon  
  22  1:41  Probe  
  23  1:49  Pylon  
  23  2:00  Warp Gate (Chrono Boost)  
  23  2:01  Stalker  
  23  2:03  Stalker  
  27  2:10  Pylon  
  26  2:31  Stalker  
  26  2:33  Stalker  
  30  2:37  Twilight Council  
  30  2:42  Pylon  
  30  2:51  Pylon  
  30  2:54  Shield Battery  
  30  3:09  Gateway, Stalker  
  30  3:11  Blink (Chrono Boost)  
  32  3:23  Stalker  
  34  3:39  Pylon  
  34  3:51  Stalker  
  36  4:02  Stalker  
  38  4:03  Stalker  
  40  4:14  Stalker  
  42  4:31  Stalker x2  
  44  4:37  Stalker  
  46  4:55  Pylon  
  44  5:09  Stalker  
  44  5:13  Stalker x2  
  36  5:32  Stalker  
  36  5:36  Stalker x2  
  40  5:55  Stalker  
  38  6:06  Stalker  
  38  6:09  Stalker  
  42  6:26  Stalker  
  42  6:29  Stalker  
  36  6:51  Stalker x2  
  40  7:00  Stalker  
  42  7:17  Zealot, Stalker  
  40  7:30  Stalker  
  42  7:40  Stalker  
Show
View Real Time Build Order
Export as new Build Order

MaxPax Protoss - Winner!

Build Orders: Oracle Opening 

Get SALT Encoding   

  12  0:00  Probe  
  13  0:12  Probe  
  14  0:19  Pylon  
  14  0:24  Probe (Chrono Boost)  
  15  0:37  Gateway  
  15  0:38  Probe (Chrono Boost)  
  16  0:46  Probe (Chrono Boost)  
  16  0:47  Assimilator  
  17  0:52  Probe  
  19  1:04  Probe  
  19  1:16  Probe (Chrono Boost), Pylon, Assimilator  
  20  1:24  Cybernetics Core  
  21  1:25  Probe (Chrono Boost)  
  21  1:31  Probe  
  23  1:34  Zealot  
  24  1:43  Probe  
  25  1:56  Probe  
  26  2:02  Stargate  
  26  2:08  Stalker  
  28  2:18  Warp Gate  
  28  2:28  Nexus  
  28  2:36  Shield Battery  
  28  2:43  Pylon  
  28  2:46  Oracle (Chrono Boost)  
  31  3:01  Probe, Stalker  
  34  3:11  Shield Battery  
  34  3:13  Probe  
  39  3:28  Void Ray (Chrono Boost)  
  39  3:33  Probe  
  39  3:41  Probe  
  40  3:42  Gateway  
  40  3:45  Probe  
  41  3:53  Probe  
  46  4:04  Void Ray (Chrono Boost)  
  46  4:07  Stalker  
  48  4:11  Probe  
  48  4:15  Pylon  
  51  4:34  Void Ray  
  51  4:36  Zealot  
  51  4:37  Assimilator  
  53  4:40  Stalker  
  56  4:51  Shield Battery  
  55  4:55  Shield Battery  
  55  5:00  Stalker  
  53  5:07  Stalker  
  53  5:13  Probe x2  
  57  5:16  Shield Battery  
  51  5:30  Void Ray (Chrono Boost)  
  51  5:32  Stalker  
  51  5:33  Zealot  
  51  5:34  Probe  
  52  5:42  Gateway  
  50  5:53  Probe  
  50  5:55  Stalker  
  50  5:56  Stalker  
  50  6:06  Shield Battery  
  53  6:12  Void Ray  
  53  6:21  Stalker x2  
  53  6:25  Probe  
  57  6:32  Probe  
  57  6:37  Stalker  
  53  6:40  Probe  
  53  6:45  Pylon  
  50  6:52  Zealot  
  56  6:55  Stalker, Void Ray (Chrono Boost)  
  58  7:02  Stalker  
  58  7:06  Probe  
  58  7:08  Probe  
  62  7:14  Gateway  
  60  7:19  Stalker  
  62  7:24  Robotics Facility  
  62  7:29  Stalker  
  64  7:35  Gateway  
  64  7:38  Probe  
  64  7:39  Pylon  
  64  7:44  Stalker  
Tags
 
Add a new tag
Caveats
  • Supply blocks, unpowered buildings, or Contaminate may cause inaccurate times.
  • Supply counts are checked every 10 seconds.